Map: Base du roi Sejong EC

Players

Pierre

  • Race: Terran Terran
  • League: Gold

seaLiFe - Winner!

  • Race: Terran Terran
  • League: Gold

VOD

Have the link to the VOD?

Description

Time

  • Played on: Oct. 7, 2016, 9:32 a.m.
  • Length: 8:03
Show
View Real Time Build Order
Export as new Build Order

Pierre Terran 

Build Orders: MMM Bio 

Get SALT Encoding   

  12  0:03  SCV  
  13  0:15  SCV  
  14  0:22  Supply Depot  
  14  0:27  SCV  
  15  0:30  Refinery  
  15  0:45  Barracks  
  15  0:52  SCV  
  15  0:53  Refinery  
  16  1:25  SCV  
  17  1:33  Barracks Tech Lab  
  17  1:36  Supply Depot  
  18  1:40  SCV  
  18  1:49  Factory  
  19  1:54  SCV  
  19  1:59  Marine, Supply Depot  
  20  2:17  Marine  
  20  2:20  Stimpack  
  20  2:22  SCV  
  22  2:35  Factory Reactor  
  22  2:39  Orbital Command  
  22  2:42  Marine  
  23  3:09  Marine  
  24  3:15  Widow Mine  
  24  3:16  Starport, Engineering Bay  
  24  3:18  Widow Mine  
  28  3:23  SCV  
  29  3:27  Marine  
  30  3:45  Marine  
  30  3:46  Terran Infantry Weapons Level 1  
  30  3:48  Missile Turret  
  31  4:00  Barracks, Medivac  
  33  4:10  Factory Tech Lab  
  33  4:37  Siege Tank  
  36  4:40  Medivac  
  36  4:41  Combat Shields  
  36  4:45  Marine  
  39  5:32  Marauder  
  39  5:36  Marine  
  38  5:51  Command Center  
  38  5:53  Marine  
  39  6:11  Supply Depot  
  39  6:18  Marauder  
  21  6:36  Supply Depot  
Show
View Real Time Build Order
Export as new Build Order

seaLiFe Terran - Winner!

Build Orders:  

Get SALT Encoding   

  12  0:01  SCV  
  13  0:14  SCV  
  14  0:20  Refinery  
  14  0:26  SCV  
  15  0:34  Supply Depot  
  15  0:55  SCV  
  16  1:00  Barracks  
  16  1:09  Refinery  
  16  1:10  SCV  
  17  1:22  SCV  
  18  1:25  Supply Depot  
  18  1:35  SCV  
  18  1:37  Supply Depot  
  19  1:51  Factory  
  19  1:58  SCV  
  20  2:02  Barracks Tech Lab  
  20  2:12  Orbital Command  
  20  2:29  Barracks Reactor  
  20  2:38  Starport  
  20  2:42  Siege Tank  
  23  2:50  SCV  
  24  2:56  Supply Depot  
  24  3:07  Engineering Bay  
  24  3:08  Marine x2  
  26  3:14  SCV  
  27  3:26  Marine  
  27  3:27  Siege Tank  
  31  3:29  Starport Reactor  
  31  3:31  SCV  
  32  3:39  Missile Turret  
  32  3:43  Marine  
  32  3:44  Marine  
  34  3:59  Supply Depot  
  34  4:02  Supply Depot  
  34  4:07  Medivac x2  
  38  4:21  Siege Tank  
  41  4:35  Marine x2  
  41  4:37  Medivac  
  45  5:02  Marine x2  
  42  5:41  Siege Tank  
  45  5:50  Command Center  
  45  6:31  Marine  
  45  6:32  Marine  
  47  6:33  Siege Tank  
  47  6:35  Viking x2  
  47  7:00  Marine  
  47  7:05  Viking  
  27  7:18  Marine  
  22  7:31  SCV  
  22  7:36  Marine  
  24  7:43  SCV  
Tags
 
Composition
MMM Bio
League
GoldGold
Matchup
TvT
Race
Terran
Add a new tag
Caveats
  • Supply blocks, unpowered buildings, or Contaminate may cause inaccurate times.
  • Supply counts are checked every 10 seconds.